 Dungeon Crawl Stone Soup version 0.17-a0-1534-gf98da79 (webtiles) character file.

8087 ololoev the Reanimator (level 11, -1/68 HPs)
             Began as a Vampire Necromancer on July 16, 2015.
             Was a Believer of Ru.
             Slain by a gargoyle
             ... wielding a +0 flail
              (10 damage)
             ... on level 10 of the Dungeon on July 17, 2015.
             The game lasted 00:57:54 (15135 turns).

ololoev the Reanimator (Vampire Necromancer)       Turns: 15135, Time: 00:57:54

Health: -1/68      AC: 14    Str: 13    XL:     11   Next: 5%
Magic:  22/23      EV: 12    Int: 20    God:    Ru [**....]
Gold:   764        SH:  0    Dex: 15    Spells: 3 memorised, 19 levels left

rFire  + . .     SeeInvis +     a - +2 dagger (protect)
rCold  . . .     Clarity  .     s - +0 leather armour
rNeg   . . .     SustAt   .     (no shield)
rPois  .         Gourm    .     q - +1 helmet
rElec  .         Spirit   .     w - +1 cloak
rCorr  .         Warding  .     (no gloves)
rMut   .         Stasis   .     p - +1 pair of boots
MR     +....                    (no amulet)
Stlth  ..........               o - ring of protection from fire
                                (no ring)

@: mighty, regenerating quickly, somewhat resistant to hostile enchantments,
extremely unstealthy
A: fangs 3, see invisible, unbreathing, no stealth, hated by all
a: Renounce Religion


Innate Abilities, Weirdness & Mutations

Your natural rate of healing is unusually fast.
You have razor-sharp teeth.
You have supernaturally acute eyesight.
You can survive without breathing.
You cannot be stealthy.
You are hated by all.

Inventory:

Hand weapons
 a - a +2 dagger of protection (weapon)
 b - a +2 dagger of venom
Armour
 p - a +1 pair of boots (worn)
 q - a +1 helmet (worn)
 s - a +0 leather armour (worn)
 w - a +1 cloak (worn)
Jewellery
 o - a ring of protection from fire (right hand)
Scrolls
 g - a scroll of magic mapping
 i - a scroll of recharging
 m - 3 scrolls of teleportation
 t - 3 scrolls of remove curse
 u - a scroll of blinking
 y - 2 scrolls of immolation
Potions
 c - 2 potions of flight
 d - 2 potions of curing
 e - 4 potions of heal wounds
 f - 4 potions of brilliance
 h - 6 potions of haste
 j - a potion of might
 k - 2 potions of mutation {unknown}
 n - a potion of magic
 r - a potion of lignification {unknown}
 v - a potion of ambrosia {unknown}
 x - a potion of cancellation {unknown}


   Skills:
 - Level 2.1 Dodging
   Level 0.0 Stealth
 + Level 8.2 Spellcasting
 * Level 14.9 Necromancy


You had 19 spell levels left.
You knew the following spells:

 Your Spells              Type           Power        Failure   Level  Hunger
a - Pain                  Necr           ####         1%          1    None
b - Vampiric Draining     Necr           ######....   1%          3    None
c - Regeneration          Chrm/Necr      #####.....   1%          3    None


You were on level 10 of the Dungeon.
You worshipped Ru.
Ru was pleased with you.
You were full.

You visited 2 branches of the dungeon, and saw 12 of its levels.

You collected 764 gold pieces.

######################
#..............).....#####
#.........................
#.........................
#........@................
#####.########9P.P...........รท
####.....# #.._.............
.........# #.P.P............
.........# #.....##)#'#####.
=....###.### ##..####.#.....#.
.....#.#...# #.## #9#.....#.
.....#.#...#######.# #.#.....##
.....#.#.....9.....# #.#.......

Notes
Turn   | Place    | Note
--------------------------------------------------------------
     0 | D:1      | ololoev the Vampire Necromancer began the quest for the Orb.
     0 | D:1      | Reached XP level 1. HP: 13/13 MP: 3/3
    82 | D:1      | Reached skill level 5 in Necromancy
    82 | D:1      | Reached XP level 2. HP: 13/19 MP: 0/5
   916 | D:1      | Reached XP level 3. HP: 24/24 MP: 6/6
   921 | D:1      | Learned a level 3 spell: Vampiric Draining
  1368 | D:2      | Noticed Sigmund
  1397 | D:2      | Killed Sigmund
  1397 | D:2      | Reached skill level 5 in Stealth
  1397 | D:2      | Reached skill level 6 in Necromancy
  1397 | D:2      | Reached XP level 4. HP: 23/30 MP: 0/7
  1397 | D:2      | Reached XP level 5. HP: 26/35 MP: 0/8
  1499 | D:2      | Noticed Robin
  1513 | D:2      | Killed Robin
  2174 | D:3      | Reached skill level 7 in Necromancy
  2297 | D:3      | Found a sacrificial altar of Ru.
  2302 | D:3      | Became a worshipper of Ru the Awakened
  2966 | D:3      | Learned a level 3 spell: Regeneration
  3139 | D:4      | Reached XP level 6. HP: 21/41 MP: 4/9
  3743 | D:4      | Reached skill level 8 in Necromancy
  4089 | D:5      | Entered Level 5 of the Dungeon
  4139 | D:5      | Found a sparkling altar of Nemelex Xobeh.
  4145 | D:5      | Reached XP level 7. HP: 30/46 MP: 10/10
  4892 | D:5      | Learned a level 1 spell: Animate Skeleton
  5001 | D:5      | Reached skill level 9 in Necromancy
  5086 | D:5      | Found a snail-covered altar of Cheibriados.
  5444 | D:5      | Found a staircase to the Ecumenical Temple.
  5922 | D:5      | Reached XP level 8. HP: 9/52 MP: 2/12
  6262 | D:6      | Noticed emiel's ghost (experienced NaWn)
  7310 | D:6      | Gained mutation: You cannot be stealthy. [Ru sacrifice]
  7511 | D:6      | Reached skill level 10 in Necromancy
  7651 | D:7      | Found a deep blue altar of Sif Muna.
  7667 | D:7      | Found a bloodstained altar of Trog.
  7877 | D:7      | Found a basalt altar of Yredelemnul.
  7962 | D:7      | Found an ancient bone altar of Kikubaaqudgha.
  8006 | D:7      | Found a burning altar of Makhleb.
  8006 | D:7      | Found a shimmering altar of Xom.
  8433 | D:8      | Noticed a blink frog
  8509 | D:7      | Reached skill level 11 in Necromancy
  8522 | D:8      | Noticed a blink frog
  8523 | D:8      | Noticed a spiny frog
  8567 | D:7      | Reached XP level 9. HP: 43/57 MP: 9/15
  8980 | D:7      | Killed a spiny frog
  8980 | D:7      | Reached skill level 5 in Spellcasting
  8993 | D:7      | Killed a blink frog
  8993 | D:7      | Reached skill level 12 in Necromancy
  9243 | D:7      | Killed a blink frog
  9478 | D:7      | Learned a level 4 spell: Control Undead
  9599 | D:8      | Found a staircase to the Lair.
  9871 | D:8      | Reached skill level 13 in Necromancy
 10007 | D:8      | Upgraded the game from 0.17-a0-1533-g2f57bce to 0.17-a0-1534-gf98da79
 10343 | D:8      | Gained mutation: You are hated by all. [Ru sacrifice]
 10343 | D:8      | Acquired Ru's first power
 10343 | D:8      | Acquired Ru's second power
 10494 | D:8      | Found a radiant altar of Vehumet.
 10557 | D:8      | Reached XP level 10. HP: 60/63 MP: 19/19
 12442 | D:9      | Found a staircase to the Orcish Mines.
 12780 | D:9      | Found a glowing silver altar of Zin.
 12854 | Orc:1    | Entered Level 1 of the Orcish Mines
 12854 | Orc:1    | Noticed Harold
 13073 | D:9      | Killed Harold
 13073 | D:9      | Reached skill level 14 in Necromancy
 13817 | Orc:2    | Noticed an orc warlord
 14080 | Orc:2    | Noticed an orc sorcerer
 14082 | Orc:2    | Noticed an orc sorcerer
 14084 | Orc:2    | Noticed an orc warlord
 14186 | D:10     | Entered Level 10 of the Dungeon
 14631 | D:10     | Found a blossoming altar of Fedhas.
 14642 | D:10     | Noticed an unseen horror
 14667 | D:10     | Killed an unseen horror
 14667 | D:10     | Reached XP level 11. HP: 36/68 MP: 10/23
 15135 | D:10     | Slain by a gargoyle

Dungeon Overview and Level Annotations

Branches:
Dungeon (10/15)            Temple (0/1) D:5            Lair (0/8) D:8
    Orc (2/4) D:9

Altars:
Cheibriados
Fedhas
Kikubaaqudgha
Makhleb
Nemelex Xobeh
Ru
Sif Muna
Trog
Vehumet
Xom
Yredelemnul
Zin

Annotations:
D:6 emiel's ghost, experienced NaWn


Message History

The gargoyle begins to attack, but is stunned by your will!
Your skin is crawling a little less now.
The gargoyle hurls a stone arrow at you.
The stone arrow hits you!
The gargoyle hurls a stone arrow at you.
The stone arrow hits you!
Your skin stops crawling.
The gargoyle begins to attack, but is stunned by your will!
Casting: Regeneration
Confirm with . or Enter, or press ? or * to list all spells.
Your skin crawls.
Your skin is crawling a little less now.
Casting: Regeneration
Confirm with . or Enter, or press ? or * to list all spells.
Your skin crawls.
You redirect the gargoyle's attack!
Drink which item? (? for menu, Esc to quit)
You feel very mighty all of a sudden.
Your skin is crawling a little less now.
You barely miss the gargoyle.
You bite the gargoyle, but do no damage.
The gargoyle hurls a stone arrow at you.
The stone arrow hits you!
You barely miss the gargoyle. The gargoyle hits you with a flail!
You hit the gargoyle but do no damage. You bite the gargoyle!
The gargoyle is moderately damaged.
The gargoyle hurls a stone arrow at you.
The stone arrow hits you!
You focus your will and slow the gargoyle in retribution!
Drink which item? (? for menu, Esc to quit)
You feel much better.
You hit the gargoyle but do no damage.
The gargoyle is moderately damaged.
The gargoyle hurls a stone arrow at you.
The stone arrow hits you!
You barely miss the gargoyle.
The gargoyle is moderately damaged.
Your skin stops crawling.
The gargoyle hits you with a flail!
You die...

You could see a gargoyle.

Vanquished Creatures
  Harold (D:9)
  An unseen horror (D:10)
  A spiny frog (D:7)
  2 blink frogs (D:7)
  A troll (D:10)
  4 yaks
  Sigmund (D:2)
  A wraith (D:10)
  A hungry ghost (D:8)
  A warg (D:9)
  A wolf (D:8)
  A hippogriff (D:7)
  A water moccasin (D:7)
  8 orc warriors
  3 centaurs
  3 ice beasts
  3 sky beasts
  4 ogres
  8 giant frogs
  2 scorpions
  3 killer bees (D:10)
  4 jellies (D:8)
  An electric eel (D:8)
  5 crimson imps
  2 giant frog zombies
  18 orc wizards
  A giant frog skeleton (D:9)
  4 hounds
  7 orc priests
  2 iguanas
  6 worker ants
  A giant frog simulacrum (D:8)
  A centaur simulacrum (D:8)
  A worker ant zombie (D:7)
  Robin (D:2)
  8 gnolls
  7 adders
  2 river rats
  4 shadow imps
  A worker ant simulacrum (D:8)
  4 white imps (D:8)
  An ufetubus (D:7)
  5 oozes (D:8)
  2 adder zombies
  An adder skeleton (D:4)
  5 worms
  4 giant geckos
  83 orcs
  14 bats
  A bat zombie (D:5)
  6 giant cockroaches
  21 goblins
  12 hobgoblins
  19 jackals
  4 ball pythons
  A giant gecko simulacrum (D:8)
  A giant gecko skeleton (D:4)
  A giant gecko zombie (D:8)
  3 giant newts
  A jackal zombie (D:6)
  10 kobolds
  5 quokkas
  2 quokka skeletons
  A quokka zombie (D:6)
  16 rats
350 creatures vanquished.

Vanquished Creatures (collateral kills)
  A porcupine (D:8)
  A giant frog (D:8)
  2 electric eels (D:8)
  A crimson imp (D:5)
  2 gnolls (D:8)
  A white imp (D:8)
  An orc (D:5)
9 creatures vanquished.

Vanquished Creatures (others)
  A yak (D:10)
  A necrophage (D:8)
  A scorpion (D:8)
  An orc wizard (D:8)
  3 orcs
  A kobold (D:8)
8 creatures vanquished.

Grand Total: 367 creatures vanquished

Action                   |  1- 3 |  4- 6 |  7- 9 | 10-12 || total
-------------------------+-------+-------+-------+-------++-------
Melee: Dagger            |    76 |    69 |  1192 |   912 ||  2249
       Hand axe          |       |   101 |       |       ||   101
       Morningstar       |       |    20 |       |       ||    20
       Mace              |       |    11 |       |       ||    11
       Unarmed           |       |       |     4 |       ||     4
 Cast: Pain              |    22 |    12 |    18 |    54 ||   106
       Vampiric Draining |     3 |    11 |    60 |    72 ||   146
       Regeneration      |       |     1 |    14 |    37 ||    52
       Animate Skeleton  |       |       |     2 |       ||     2
       Control Undead    |       |       |     9 |     2 ||    11
Invok: Reject Sacrifices |       |     1 |       |     1 ||     2
       Sacrifice Stealth |       |       |     1 |       ||     1
       Sacrifice Love    |       |       |     1 |       ||     1
Evoke: Wand              |       |       |       |     4 ||     4
  Use: Potion            |     1 |       |     2 |     4 ||     7
       Scroll            |     2 |    11 |     3 |     5 ||    21
 Stab: Sleeping          |     4 |    17 |     9 |       ||    30
       Distracted        |       |       |     1 |     3 ||     4
       Invisible         |       |       |       |     2 ||     2
  Eat: Corpse            |     7 |    20 |    34 |    27 ||    88

Vault maps used:
D:1:      dpeg_arrival_prison, st_stairs_8, hangedman_decor_push
D:2:      uniq_sigmund, uniq_robin
D:3:      nicolae_ru_awakened_eye, first_bread, serial_bayou_pond_a
D:4:      kennysheep_small_square
D:5:      slow_altar_2, nemelex_xobeh_ov_fountains_minmay, temple_pool_b
D:6:      minmay_misc_feat_cross
D:7:      grunt_temple_overflow_champion_of_chaos, grunt_temple_overflow_open,
          kiku_gazebo_pond_becter
D:8:      fiery_altar_vehumet, dpeg_lair_monsters, serial_ice, serial_ice_d,
          serial_ice_g, serial_ice_b, serial_ice_j, serial_ice_o, serial_ice_h,
          serial_ice_e, serial_ice_a, hangedman_little_slice_of_home
D:9:      zin_treasury, hiddenorc2_lemuel, hangedman_decor_slide_cut
D:10:     fedhas_altar_1
Orc:1:    uniq_harold
